SAA
LITTLE CAESARS HOT N READYS @ BELVEDERE PARK RAWHIDES
07/01/2025
 
TOP OF THE 1ST
Little Caesars Hot N Readys batting - Pitching for Belvedere Park Rawhides : LHP Earnest Cogan
Pitching: LHP Earnest Cogan
Batting: RHB George St. Clair 0-0: Fly out, F4 (Popup, 34D)
Batting: RHB Jorge Salgado 0-0: Called Strike
0-1: Foul Ball, location: 2F
0-2: Ball
1-2: Foul Ball, location: 2F
1-2: Ball
2-2: SINGLE (Groundball, 4MD)
Batting: RHB Keith Burnett 0-0: Ball
1-0: Foul Ball, location: 2F
1-1: Foul Ball, location: 2F
1-2: Ball
2-2: Ball
3-2: SINGLE (Line Drive, 56D)
Jorge Salgado to second
Batting: SHB Valentín Guzmán 0-0: Foul Ball, location: 2F
0-1: Foul Ball, location: 2F
0-2: Ball
1-2: Ball
2-2: Foul Ball, location: 2F
2-2: Foul Ball, location: 2F
2-2: Ground out 5-3 (Groundball, 5S)
Jorge Salgado to third
Keith Burnett to second
Batting: RHB Lorenzo Sabastro 0-0: SINGLE (Line Drive, 56D)
Jorge Salgado scores
Keith Burnett to third
Runner from 3rd tries for Home, SAFE, no throw
Batting: RHB Mike Taylor 0-0: Called Strike
0-1: Ground out 4-3 (Groundball, 4M)
Top of the 1st over - 2 run(s), 3 hit(s), 0 error(s), 1 left on base; Little Caesars 2 - Belvedere Park 0
BOTTOM OF THE 1ST
Belvedere Park Rawhides batting - Pitching for Little Caesars Hot N Readys : RHP Sam Groves
Pitching: RHP Sam Groves
Batting: RHB Marlon Cummins 0-0: Called Strike
0-1: Ball
1-1: Ball
2-1: Foul Ball, location: 2F
2-2: Ball
3-2: Fly out, F7 (Line Drive, 78M)
Batting: SHB Manuel González 0-0: Called Strike
0-1: Ball
1-1: Called Strike
1-2: Strikes out looking
Batting: LHB António Serrano 0-0: Swinging Strike
0-1: Foul Ball, location: 2F
0-2: Ball
1-2: Ball
2-2: Foul Ball, location: 2F
2-2: Strikes out swinging
Bottom of the 1st over - 0 run(s), 0 hit(s), 0 error(s), 0 left on base; Little Caesars 2 - Belvedere Park 0
TOP OF THE 2ND
Little Caesars Hot N Readys batting - Pitching for Belvedere Park Rawhides : LHP Earnest Cogan
Batting: RHB Bartolo Benítez 0-0: Called Strike
0-1: Foul Ball, location: 2F
0-2: Foul Ball, location: 2F
0-2: Ball
1-2: Ball
2-2: Ball
3-2: Strikes out swinging
Batting: LHB Sisto Pagnamenta 0-0: SINGLE (Line Drive, 4M)
Batting: RHB Mo Zhou 0-0: Ball
Sisto Pagnamenta steals 2nd base
1-0: Called Strike
1-1: Ball
2-1: Fly out, F8 (Flyball, 8RM)
Batting: RHB George St. Clair 0-0: Ball
1-0: Ball
2-0: Ball
3-0: Foul Ball, location: 2F
3-1: Base on Balls
Batting: RHB Jorge Salgado 0-0: Ball
1-0: Ground out 1-3 (Groundball, P)
Top of the 2nd over - 0 run(s), 1 hit(s), 0 error(s), 2 left on base; Little Caesars 2 - Belvedere Park 0
BOTTOM OF THE 2ND
Belvedere Park Rawhides batting - Pitching for Little Caesars Hot N Readys : RHP Sam Groves
Batting: RHB Casey Cavell 0-0: Foul Ball, location: 2F
0-1: Swinging Strike
0-2: Strikes out swinging
Batting: RHB Hugo Rampley 0-0: Ball
1-0: Ball
2-0: Called Strike
2-1: Fly out, F9 (Flyball, 9LMF)
Batting: SHB Galtero Suárez 0-0: Ball
1-0: Called Strike
1-1: Ball
2-1: Foul Ball, location: 2F
2-2: Strikes out swinging
Bottom of the 2nd over - 0 run(s), 0 hit(s), 0 error(s), 0 left on base; Little Caesars 2 - Belvedere Park 0
TOP OF THE 3RD
Little Caesars Hot N Readys batting - Pitching for Belvedere Park Rawhides : LHP Earnest Cogan
Batting: RHB Keith Burnett 0-0: Ball
1-0: Foul Ball, location: 2F
1-1: Called Strike
1-2: Fly out, F9 (Flyball, 89XD)
Batting: SHB Valentín Guzmán 0-0: Called Strike
0-1: SINGLE (Groundball, 34D)
Batting: RHB Lorenzo Sabastro 0-0: Called Strike
Pickoff Throw to First - Out!
0-1: Ground out 6-3 (Groundball, 6)
Top of the 3rd over - 0 run(s), 1 hit(s), 0 error(s), 0 left on base; Little Caesars 2 - Belvedere Park 0
BOTTOM OF THE 3RD
Belvedere Park Rawhides batting - Pitching for Little Caesars Hot N Readys : RHP Sam Groves
Batting: RHB Anastasio Hernández 0-0: Ball
1-0: Swinging Strike
1-1: Fly out, F9 (Line Drive, 89M)
Batting: RHB Ed Jozwiak 0-0: Ball
1-0: Called Strike
1-1: Ball
2-1: Foul Ball, location: 2F
2-2: Strikes out swinging
Batting: RHB Marshall Lamar 0-0: Called Strike
0-1: Ball
1-1: Swinging Strike
1-2: Ball
2-2: Ball
3-2: Strikes out swinging
Bottom of the 3rd over - 0 run(s), 0 hit(s), 0 error(s), 0 left on base; Little Caesars 2 - Belvedere Park 0
TOP OF THE 4TH
Little Caesars Hot N Readys batting - Pitching for Belvedere Park Rawhides : LHP Earnest Cogan
Batting: RHB Mike Taylor 0-0: Ball
1-0: Called Strike
1-1: Fly out, F9 (Flyball, 9S)
Batting: RHB Bartolo Benítez 0-0: Ball
1-0: Foul Ball, location: 2F
1-1: Ground out U3 (Groundball, 3)
Batting: LHB Sisto Pagnamenta 0-0: Foul Ball, location: 2F
0-1: Swinging Strike
0-2: Ball
1-2: Fly out, F5 (Popup, 5L)
Top of the 4th over - 0 run(s), 0 hit(s), 0 error(s), 0 left on base; Little Caesars 2 - Belvedere Park 0
BOTTOM OF THE 4TH
Belvedere Park Rawhides batting - Pitching for Little Caesars Hot N Readys : RHP Sam Groves
Batting: RHB Marlon Cummins 0-0: Foul Ball, location: 2F
0-1: Swinging Strike
0-2: Foul Ball, location: 2F
0-2: Foul Ball, location: 2F
0-2: Fly out, F7 (Flyball, 7)
Batting: SHB Manuel González 0-0: Called Strike
0-1: Ball
1-1: Ball
2-1: Fly out, F5 (Line Drive, 6)
Batting: LHB António Serrano 0-0: Ground out 3-1 (Groundball, 34)
Bottom of the 4th over - 0 run(s), 0 hit(s), 0 error(s), 0 left on base; Little Caesars 2 - Belvedere Park 0
TOP OF THE 5TH
Little Caesars Hot N Readys batting - Pitching for Belvedere Park Rawhides : LHP Earnest Cogan
Batting: RHB Mo Zhou 0-0: Ball
1-0: SINGLE (Popup, 34D)
Batting: RHB George St. Clair 0-0: Bunted foul
0-1: Ball
1-1: Bunt missed!
1-2: Foul Ball, location: 2F
1-2: Foul Ball, location: 2F
1-2: Ball
2-2: Ground out 5-3 (Groundball, 56S)
Mo Zhou to second
Batting: RHB Jorge Salgado 0-0: Ball
1-0: Called Strike
1-1: SINGLE (Line Drive, 6MD)
Mo Zhou to third
Runner from 3rd tries for Home, SAFE, no throw
Batting: RHB Keith Burnett Balk!
Jorge Salgado to second
0-0: Intentional Walk
Batting: SHB Valentín Guzmán 0-0: Ball
1-0: Called Strike
Jorge Salgado steals 3rd base
Keith Burnett to second
1-1: Foul Ball, location: 2F
1-2: Ball
2-2: Ground out 6-3 (Groundball, 6S)
Batting: RHB Lorenzo Sabastro 0-0: Called Strike
0-1: Fly out, F6 (Line Drive, 6)
Top of the 5th over - 1 run(s), 2 hit(s), 0 error(s), 2 left on base; Little Caesars 3 - Belvedere Park 0
BOTTOM OF THE 5TH
Belvedere Park Rawhides batting - Pitching for Little Caesars Hot N Readys : RHP Sam Groves
Batting: RHB Casey Cavell 0-0: Ground out 1-3 (Groundball, 15S)
Batting: RHB Hugo Rampley 0-0: Ball
1-0: DOUBLE (Flyball, 89D)
Batting: SHB Galtero Suárez 0-0: Ball
1-0: Foul Ball, location: 2F
1-1: SINGLE (Line Drive, 34D)
Hugo Rampley to third
Runner from 3rd tries for Home, SAFE, throw made home
Batting: RHB Anastasio Hernández 0-0: Ball
1-0: Foul Ball, location: 2F
1-1: Ball
2-1: Ball
3-1: Base on Balls
Galtero Suárez to second
Batting: RHB Ed Jozwiak 0-0: Called Strike
0-1: Grounds into double play, 5-4-3 (Groundball, 5)
Bottom of the 5th over - 1 run(s), 2 hit(s), 0 error(s), 1 left on base; Little Caesars 3 - Belvedere Park 1
TOP OF THE 6TH
Little Caesars Hot N Readys batting - Pitching for Belvedere Park Rawhides : LHP Earnest Cogan
Batting: RHB Mike Taylor 0-0: Ball
1-0: Ball
2-0: Foul Ball, location: 2F
2-1: Foul Ball, location: 2F
2-2: Ball
3-2: SINGLE (Groundball, 34D)
Batting: RHB Bartolo Benítez 0-0: Sac Bunt - play at first, batter OUT! 1-3
Mike Taylor to second
Batting: LHB Sisto Pagnamenta 0-0: Fly out, F9 (Flyball, 9)
Batting: RHB Mo Zhou 0-0: Called Strike
0-1: Called Strike
0-2: Foul Ball, location: 2F
0-2: Ball
1-2: Foul Ball, location: 2F
1-2: Ball
2-2: Ball
3-2: Base on Balls
Pitching: RHP Seishiro Sato
Batting: RHB George St. Clair 0-0: Ball
1-0: Called Strike
1-1: Ball
2-1: Ball
3-1: Swinging Strike
3-2: Foul Ball, location: 2F
3-2: Base on Balls
Mike Taylor to third
Mo Zhou to second
Batting: RHB Jorge Salgado 0-0: Called Strike
0-1: Foul Ball, location: 2F
0-2: Strikes out looking
Top of the 6th over - 0 run(s), 1 hit(s), 0 error(s), 3 left on base; Little Caesars 3 - Belvedere Park 1
BOTTOM OF THE 6TH
Belvedere Park Rawhides batting - Pitching for Little Caesars Hot N Readys : RHP Sam Groves
Batting: RHB Marshall Lamar 0-0: Ball
1-0: Fly out, F9 (Flyball, 9LS)
Batting: RHB Marlon Cummins 0-0: Called Strike
0-1: Ball
1-1: Ball
2-1: Called Strike
2-2: SINGLE (Groundball, 6MD)
Batting: SHB Manuel González 0-0: Ball
1-0: Called Strike
Marlon Cummins steals 2nd base
1-1: Ground out 3-1 (Groundball, 34)
Marlon Cummins to third
Batting: LHB António Serrano 0-0: Ball
1-0: Foul Ball, location: 2F
1-1: Called Strike
1-2: Ball
2-2: Strikes out swinging
Bottom of the 6th over - 0 run(s), 1 hit(s), 0 error(s), 1 left on base; Little Caesars 3 - Belvedere Park 1
TOP OF THE 7TH
Little Caesars Hot N Readys batting - Pitching for Belvedere Park Rawhides : RHP Seishiro Sato
Batting: RHB Keith Burnett 0-0: Ball
1-0: Ball
2-0: Ball
3-0: Called Strike
3-1: Called Strike
3-2: Fly out, F6 (Popup, 6)
Batting: SHB Valentín Guzmán 0-0: Ball
1-0: Foul Ball, location: 2F
1-1: Ground out 4-3 (Groundball, 4)
Batting: RHB Lorenzo Sabastro 0-0: Fly out, F7 (Flyball, 78M)
Top of the 7th over - 0 run(s), 0 hit(s), 0 error(s), 0 left on base; Little Caesars 3 - Belvedere Park 1
BOTTOM OF THE 7TH
Belvedere Park Rawhides batting - Pitching for Little Caesars Hot N Readys : RHP Sam Groves
Now at 1B: Stephen Baird
Batting: RHB Casey Cavell 0-0: Fly out, F9 (Flyball, 9D)
Batting: RHB Hugo Rampley 0-0: Called Strike
0-1: Ball
1-1: Ground out 4-3 (Groundball, 4M)
Batting: SHB Galtero Suárez 0-0: Ball
1-0: DOUBLE (Flyball, 78M)
Batting: RHB Anastasio Hernández 0-0: Ball
1-0: Ball
2-0: Fly out, F8 (Line Drive, 8LM)
Bottom of the 7th over - 0 run(s), 1 hit(s), 0 error(s), 1 left on base; Little Caesars 3 - Belvedere Park 1
TOP OF THE 8TH
Little Caesars Hot N Readys batting - Pitching for Belvedere Park Rawhides : RHP Seishiro Sato
Batting: RHB Mike Taylor 0-0: Ball
1-0: Ball
2-0: Ball
3-0: Base on Balls
Batting: RHB Bartolo Benítez 0-0: Bunt - Flyout! F1
Batting: LHB Sisto Pagnamenta 0-0: Fly out, F7 (Flyball, 7LS)
Batting: RHB Mo Zhou 0-0: Ball
1-0: Ball
2-0: Fly out, F8 (Flyball, 8LM)
Top of the 8th over - 0 run(s), 0 hit(s), 0 error(s), 1 left on base; Little Caesars 3 - Belvedere Park 1
BOTTOM OF THE 8TH
Belvedere Park Rawhides batting - Pitching for Little Caesars Hot N Readys : RHP Sam Groves
Batting: RHB Ed Jozwiak 0-0: Called Strike
0-1: Foul Ball, location: 2F
0-2: Ball
1-2: Foul Ball, location: 2F
1-2: Ball
2-2: Foul Ball, location: 2F
2-2: Ball
3-2: SINGLE (Line Drive, 4MD)
Batting: RHB Marshall Lamar 0-0: Ball
1-0: Called Strike
1-1: SINGLE (Flyball, 7LS)
Ed Jozwiak to second
Batting: RHB Marlon Cummins 0-0: Sac Bunt - play at first, batter OUT! 1-3
Ed Jozwiak to third
Marshall Lamar to second
Batting: SHB Manuel González 0-0: SINGLE (Flyball, 8RS)
Ed Jozwiak scores
Marshall Lamar to third
Batting: LHB António Serrano 0-0: Foul Ball, location: 2F
0-1: Swinging Strike
0-2: Ball
1-2: Ball
2-2: Fly out, F7 (Flyball, 78XD)
Runner from 3rd tags up, SCORES, no throw
Batting: RHB Casey Cavell 0-0: Ball
Manuel González is caught stealing 2nd base
Bottom of the 8th over - 2 run(s), 3 hit(s), 0 error(s), 0 left on base; Little Caesars 3 - Belvedere Park 3
TOP OF THE 9TH
Little Caesars Hot N Readys batting - Pitching for Belvedere Park Rawhides : RHP Seishiro Sato
Pitching: RHP Dino Moonglampers
Pinch Hitting: LHB Jason Potter 0-0: Ball
1-0: Fly out, F8 (Flyball, 8RS)
Pinch Hitting: SHB Mike Barton 0-0: Ground out 4-3 (Groundball, 4)
Batting: RHB Keith Burnett 0-0: Ball
1-0: Ball
2-0: Called Strike
2-1: Ball
3-1: Foul Ball, location: 2F
3-2: Foul Ball, location: 2F
3-2: Foul Ball, location: 2F
3-2: Foul Ball, location: 2F
3-2: Foul Ball, location: 2F
3-2: Foul Ball, location: 2F
3-2: Foul Ball, location: 2F
3-2: DOUBLE (Line Drive, 78D)
Batting: SHB Valentín Guzmán 0-0: Ground out U3 (Groundball, 3L)
Top of the 9th over - 0 run(s), 1 hit(s), 0 error(s), 1 left on base; Little Caesars 3 - Belvedere Park 3
BOTTOM OF THE 9TH
Belvedere Park Rawhides batting - Pitching for Little Caesars Hot N Readys : RHP Sam Groves
Pitching: RHP Ciríaco Muro
Now at 1B: Jason Potter
Now in LF: Daniel Molina
Batting: RHB Casey Cavell 0-0: Fly out, F8 (Flyball, 8LM)
Batting: RHB Hugo Rampley 0-0: Ball
1-0: Called Strike
1-1: Reached on error, E4 (Groundball, 4)
Batting: SHB Galtero Suárez 0-0: Ball
1-0: Swinging Strike
1-1: Ball
2-1: Ball
3-1: Fly out, F8 (Line Drive, 8LM)
Batting: RHB Anastasio Hernández 0-0: Ball
1-0: Swinging Strike
1-1: Foul Ball, location: 2F
1-2: Ball
2-2: Ball
3-2: Strikes out swinging
Bottom of the 9th over - 0 run(s), 0 hit(s), 1 error(s), 1 left on base; Little Caesars 3 - Belvedere Park 3
TOP OF THE 10TH
Little Caesars Hot N Readys batting - Pitching for Belvedere Park Rawhides : RHP Dino Moonglampers
Pinch Hitting: LHB David Hunt 0-0: Called Strike
0-1: Fly out, F6 (Line Drive, 6)
Batting: RHB Mike Taylor 0-0: Foul Ball, location: 2F
0-1: Ball
1-1: Ball
2-1: Ball
3-1: Base on Balls
Pitching: LHP Jim Unknown
Pinch Hitting: RHB Jackie Coogan 0-0: Ball
1-0: Ball
2-0: Fielders Choice at 2nd, 6-4 (Groundball, 6)
Pinch Hitting: RHB Coy Poston 0-0: Foul Ball, location: 2F
0-1: Ball
1-1: Swinging Strike
1-2: Foul Ball, location: 2F
1-2: Ball
2-2: DOUBLE (Line Drive, 8LM)
Jackie Coogan to third
Runner from 3rd tries for Home, SAFE, no throw
Batting: RHB Mo Zhou 0-0: Ball
1-0: Ball
2-0: Called Strike
2-1: Ball
3-1: Base on Balls
Pinch Hitting: RHB Luis Aragón 0-0: Ball
1-0: Ball
2-0: Foul Ball, location: 2F
2-1: Foul Ball, location: 2F
2-2: Strikes out swinging
Top of the 10th over - 1 run(s), 1 hit(s), 0 error(s), 2 left on base; Little Caesars 4 - Belvedere Park 3
BOTTOM OF THE 10TH
Belvedere Park Rawhides batting - Pitching for Little Caesars Hot N Readys : RHP Ciríaco Muro
Now at 1B: David Hunt
Now at 2B: Coy Poston
Now at SS: Jackie Coogan
Now in RF: Luis Aragón
Pinch Hitting: RHB Fernando Rutledge 0-0: Ball
1-0: Ball
2-0: Ball
3-0: Base on Balls
Batting: RHB Marshall Lamar 0-0: Sac Bunt - play at first, batter OUT! 1-4
Fernando Rutledge to second
Pinch Hitting: RHB Ralph McKnight 0-0: Ball
1-0: Ball
2-0: Fly out, F7 (Flyball, 78S)
Batting: SHB Manuel González 0-0: Called Strike
0-1: Ball
1-1: Ball
2-1: Swinging Strike
2-2: Foul Ball, location: 2F
2-2: Foul Ball, location: 2F
2-2: Ball
3-2: Foul Ball, location: 2F
3-2: Strikes out swinging
Bottom of the 10th over - 0 run(s), 0 hit(s), 0 error(s), 1 left on base; Little Caesars 4 - Belvedere Park 3
Friday, December 30th, 2016 - OOTP Baseball 17.12 Build 75